 Dungeon Crawl Stone Soup version 0.24.0-123-gd5b16e6ec5 (webtiles) character file.

Game seed: 17248686231002093780, levelgen mode: deterministic

153 FishyPogo the Insei (level 5, -3/90 HPs)
             Began as a Gnoll Transmuter on Dec 28, 2019.
             Killed by divine providence
             ... invoked by an orc priest
              (16 damage)
             ... on level 2 of the Dungeon.
             The game lasted 00:04:21 (1775 turns).

FishyPogo the Insei (Gnoll Transmuter)              Turns: 1775, Time: 00:04:22

Health: -3/90      AC: 22    Str: 18    XL:     5   Next: 35%
Magic:  7/12       EV:  2    Int: 16    God:
Gold:   109        SH:  0    Dex: 15    Spells: 10/14 levels left

rFire    . . .     SeeInvis .   a - +1 short sword (venom)
rCold    . . .     Gourm    +   (no shield)
rNeg     + + +     Faith    .   (armour currently unavailable)
rPois    +         Spirit   .   (helmet currently unavailable)
rElec    .         Reflect  .   (cloak currently unavailable)
rCorr    .         Harm     .   (gloves currently unavailable)
MR       .....     NoTele   +   (boots currently unavailable)
Stlth    ..........             w - amulet of the gourmand
HPRegen  0.25/turn              i - ring of positive energy
MPRegen  0.13/turn              (no ring)

@: berserking, tree-form, very slightly contaminated, very quick
A: distributed training, strong nose
a: no special abilities


You were on level 2 of the Dungeon.
You were hungry.
You were a tree.
You visited 1 branch of the dungeon, and saw 2 of its levels.

You collected 109 gold pieces.

Inventory:

Hand Weapons
 a - a +1 short sword of venom (weapon)
 b - a +2 mace of holy wrath
Missiles
 c - 16 poisoned darts (quivered)
 e - 53 stones
 u - 76 arrows
Armour
 g - a +0 robe (melded)
 o - a +0 cloak (melded)
Jewellery
 i - a ring of positive energy (left branch)
 w - an amulet of the gourmand (around neck)
Scrolls
 h - 3 scrolls of identify {unknown}
 k - 2 scrolls of teleportation {unknown}
 n - a scroll of remove curse {unknown}
 q - a scroll of immolation {unknown}
 s - a scroll of fog {unknown}
 t - a scroll of magic mapping {unknown}
 v - a scroll of random uselessness {unknown}
Potions
 f - 3 potions of lignification
 j - a potion of flight {unknown}
 l - a potion of berserk rage
 m - a potion of brilliance {unknown}
 p - a potion of might {unknown}
 r - a potion of magic {unknown}
Comestibles
 d - 7 rations


   Skills:
 + Level 2.9 Fighting
 + Level 1.4 Short Blades
 + Level 1.4 Long Blades
 + Level 1.4 Axes
 + Level 1.4 Maces & Flails
 + Level 1.4 Polearms
 + Level 1.4 Staves
 + Level 1.4 Slings
 + Level 1.4 Bows
 + Level 1.4 Crossbows
 + Level 1.4 Throwing
 + Level 1.4 Armour
 + Level 4.7 Dodging
 + Level 1.4 Stealth
 + Level 1.4 Shields
 + Level 6.7 Unarmed Combat
 + Level 5.2 Spellcasting
 + Level 1.1 Conjurations
 + Level 1.1 Hexes
 + Level 1.1 Charms
 + Level 1.1 Summonings
 + Level 1.1 Necromancy
 + Level 1.1 Translocations
 + Level 3.9 Transmutations
 + Level 1.1 Fire Magic
 + Level 1.1 Ice Magic
 + Level 1.1 Air Magic
 + Level 1.1 Earth Magic
 + Level 1.1 Poison Magic
 + Level 1.6 Invocations
 + Level 1.4 Evocations


You had 10 spell levels left.
You knew the following spells:

 Your Spells              Type           Power        Failure   Level  Hunger
u - Spider Form           Tmut/Pois      ##........   16%         3    ###....
y - Beastly Appendage     Tmut           ###...       3%          1    None

Your spell library contained the following spells:

 Spells                   Type           Power        Failure   Level  Hunger
 Sticks to Snakes         Tmut           ###.....     4%          2    #......
 Ice Form                 Ice/Tmut       ##......     45%         4    ####...
 Blade Hands              Tmut           ###.......   63%         5    ######.


Dungeon Overview and Level Annotations

Branches:
Dungeon (2/15)

Altars:
Fedhas

Annotations:
D:2 Jessica


Innate Abilities, Weirdness & Mutations

Your experience applies equally to all skills.
((You have very sharp teeth.))
Your uncanny sense of smell can sniff out nearby items.


Message History

The orc warrior is almost dead.
The orc completely misses you.
The orc warrior hits you but does no damage.
The orc priest looks encouraged for a moment.
You hit the orc warrior.
You kill the orc warrior!
Your Conjurations skill increases to level 1!
Your Hexes skill increases to level 1!
Your Charms skill increases to level 1!
Your Summonings skill increases to level 1!
Your Necromancy skill increases to level 1!
Your Translocations skill increases to level 1!
Your Fire Magic skill increases to level 1!
Your Ice Magic skill increases to level 1!
Your Air Magic skill increases to level 1!
Your Earth Magic skill increases to level 1!
Your Poison Magic skill increases to level 1!
You have reached level 5!
The orc priest calls down the wrath of Beogh upon you.
Beogh smites you!
You die...

####....# ........#
........# ........# #.
∆ ####....# #. ##.#.#
#. #### ## #.#...##.#
#.. .# #
#.###....###.###.###...
#
#.###.##..##♣#......$.#
#
#.##........o.o#.######
#####.........##.....#
.....###......########
#.##.###...##.#
##.......####.#
#..#.###......#
.#.#.###.######
......##.#


You could see an orc priest and an orc.

Vanquished Creatures
  An orc warrior (D:2)
  2 adders (D:2)
  An ooze (D:1)
  2 dart slugs
  A leopard gecko (D:2)
  3 giant cockroaches
  6 goblins (D:1)
  A hobgoblin (D:2)
  4 kobolds
  A quokka (D:2)
  4 bats
  2 frilled lizards
  4 rats (D:1)
32 creatures vanquished.

Notes
Turn   | Place    | Note
-------+----------+-------------------------------------------
     0 | D:1      | FishyPogo the Gnoll Transmuter began the quest for the Orb.
     0 | D:1      | Reached XP level 1. HP: 17/17 MP: 6/6
   108 | D:1      | Reached XP level 2. HP: 23/23 MP: 5/7
   636 | D:1      | Reached XP level 3. HP: 28/28 MP: 7/9
   641 | D:1      | Learned a level 3 spell: Spider Form
   647 | D:1      | Reached skill level 5 in Spellcasting
  1033 | D:2      | Reached skill level 1 in Invocations
  1183 | D:2      | Noticed Jessica
  1185 | D:2      | Found a blossoming altar of Fedhas.
  1477 | D:2      | Reached skill level 1 in Short Blades
  1477 | D:2      | Reached skill level 1 in Long Blades
  1477 | D:2      | Reached skill level 1 in Axes
  1477 | D:2      | Reached skill level 1 in Maces & Flails
  1477 | D:2      | Reached skill level 1 in Polearms
  1477 | D:2      | Reached skill level 1 in Staves
  1477 | D:2      | Reached skill level 1 in Slings
  1477 | D:2      | Reached skill level 1 in Bows
  1477 | D:2      | Reached skill level 1 in Crossbows
  1477 | D:2      | Reached skill level 1 in Throwing
  1477 | D:2      | Reached skill level 1 in Armour
  1477 | D:2      | Reached skill level 1 in Stealth
  1477 | D:2      | Reached skill level 1 in Shields
  1477 | D:2      | Reached skill level 1 in Evocations
  1744 | D:2      | Reached XP level 4. HP: 34/34 MP: 11/11
  1757 | D:2      | Noticed an orc warrior
  1775 | D:2      | Killed an orc warrior
  1775 | D:2      | Reached skill level 1 in Conjurations
  1775 | D:2      | Reached skill level 1 in Hexes
  1775 | D:2      | Reached skill level 1 in Charms
  1775 | D:2      | Reached skill level 1 in Summonings
  1775 | D:2      | Reached skill level 1 in Necromancy
  1775 | D:2      | Reached skill level 1 in Translocations
  1775 | D:2      | Reached skill level 1 in Fire Magic
  1775 | D:2      | Reached skill level 1 in Ice Magic
  1775 | D:2      | Reached skill level 1 in Air Magic
  1775 | D:2      | Reached skill level 1 in Earth Magic
  1775 | D:2      | Reached skill level 1 in Poison Magic
  1775 | D:2      | Reached XP level 5. HP: 13/40 MP: 7/12
  1775 | D:2      | Killed from afar by an orc priest

Levels and vault maps discovered:
D:1:      saegor_arrival_under_anarchy, layout_basic
D:2:      layout_loops_cross, overflow_temple_1_default,
          nicolae_overflow_hidden_temple, first_ration, uniq_jessica

Skill      XL: |  1  2  3  4 |
---------------+-------------+-----
Spellcasting   | 5 |  5.2
Invocations    | 1 |  1.6
Short Blades   | 1 |  1.4
Long Blades    | 1 |  1.4
Axes           | 1 |  1.4
Maces & Flails | 1 |  1.4
Polearms       | 1 |  1.4
Staves         | 1 |  1.4
Slings         | 1 |  1.4
Bows           | 1 |  1.4
Crossbows      | 1 |  1.4
Throwing       | 1 |  1.4
Armour         | 1 |  1.4
Stealth        | 1 |  1.4
Shields        | 1 |  1.4
Evocations     | 1 |  1.4
Conjurations   | 1 |  1.1
Hexes          | 1 |  1.1
Charms         | 1 |  1.1
Summonings     | 1 |  1.1
Necromancy     | 1 |  1.1
Translocations | 1 |  1.1
Fire Magic     | 1 |  1.1
Ice Magic      | 1 |  1.1
Air Magic      | 1 |  1.1
Earth Magic    | 1 |  1.1
Poison Magic   | 1 |  1.1
Fighting       | |  2.9
Dodging        | |  4.7
Unarmed Combat | |  6.7
Transmutations | |  3.9

Action                   |  1- 3 |  4- 6 || total
-------------------------+-------+-------++-------
Melee: Unarmed           |    41 |     5 ||    46
       Headbutt          |     4 |       ||     4
       Bite              |     3 |       ||     3
       Kick              |     2 |       ||     2
       Mace              |    23 |       ||    23
       Short sword       |    11 |     6 ||    17
 Cast: Beastly Appendage |    16 |       ||    16
       Spider Form       |       |     1 ||     1
  Use: Potion            |       |     2 ||     2
  Eat: Chunk             |     2 |       ||     2
Armor: Robe              |     5 |       ||     5
       Skin              |       |     6 ||     6
Dodge: Dodged            |    65 |     7 ||    72
